 Dungeon Crawl Stone Soup version 0.29-a0-474-gdfe5cd140f (webtiles) character file.

Game seed: 5611259693472269443

57 siradein the Grave Robber (level 3, -1/24 HPs)
             Began as a Demonspawn Necromancer on May 24, 2022.
             Slain by a worm (3 damage)
             ... on level 3 of the Dungeon.
             The game lasted 00:05:21 (2009 turns).

siradein the Grave Robber (Demonspawn Necromancer)  Turns: 2009, Time: 00:05:21

Health: -1/24      AC:  2    Str:  8    XL:     3   Next: 73%
Magic:  4/7        EV: 12    Int: 18    God:
Gold:   141        SH:  0    Dex: 13    Spells: 4/8 levels left

rFire   . . .      SeeInvis .   g - +4 dagger
rCold   . . .      Faith    .   (no shield)
rNeg    . . .      Spirit   .   a - +0 robe
rPois   .          Reflect  .   (no helmet)
rElec   .          Harm     .   (no cloak)
rCorr   .          Rampage  .   (no gloves)
Will    .....                   (no boots)
Stlth   ++........              (no amulet)
HPRegen 0.08/turn               (no ring)
MPRegen 0.10/turn               (no ring)

@: no status effects
A: hooves 1, demonic guardian 1
a: no special abilities


You were on level 3 of the Dungeon.
You visited 1 branch of the dungeon, and saw 3 of its levels.

You collected 141 gold pieces.

Inventory:

Hand Weapons
 g - a +4 dagger (weapon)
Missiles
 m - 6 poisoned darts
Armour
 a - a +0 robe (worn)
Scrolls
 c - a scroll of enchant weapon
 f - a scroll of teleportation
 i - a scroll of fog
 j - a scroll of torment
 k - 2 scrolls of vulnerability {unknown}
 l - a scroll of magic mapping {unknown}
Potions
 b - a potion of magic
 d - 2 potions of curing


   Skills:
 - Level 1.7 Dodging
 - Level 1.7 Stealth
 + Level 3.0 Spellcasting
 + Level 5.2 Necromancy


You had 4 spell levels left.
You knew the following spells:

 Your Spells              Type           Power      Damage    Failure   Level
a - Necrotize             Necr           84%        1d8       1%          1
b - Vampiric Draining     Necr           21%        2d7       5%          3

Your spell library contained the following spells:

 Spells                   Type           Power      Damage    Failure   Level
 Animate Dead             Necr           21%        N/A       19%         4
 Agony                    Necr           21%        N/A       45%         5


Dungeon Overview and Level Annotations

Branches:
Dungeon (3/15)

Altars:


Innate Abilities, Weirdness & Mutations

You have large cloven feet.
A weak demonic guardian rushes to your aid.


Message History

Aim: a worm Attack!
Your adder skeleton bites the worm.
The worm bites your adder skeleton!
Your adder skeleton closely misses the worm.
Your adder skeleton bites the worm.
The worm bites your adder skeleton!
Your adder skeleton is destroyed!
The worm barely resists.
The worm writhes in agony.
The worm writhes in agony.
The worm bites you.
The worm writhes in agony.
The worm closely misses you.
The worm writhes in agony.
You are too depleted to draw on your mana recklessly!
You are too depleted to draw on your mana recklessly!
You are too depleted to draw on your mana recklessly!
There is a stone staircase leading up here.
You climb upwards.
There is a stone staircase leading down here.
You start resting.
Magic restored.
You climb downwards.
The worm bites you!
There is a stone staircase leading up here.
The worm writhes in agony.
The worm bites you but does no damage.
The worm writhes in agony!
The worm writhes in agony.
The worm bites you.
* * * LOW HITPOINT WARNING * * *
You are too injured to fight recklessly!
You are too injured to fight recklessly!
You are too injured to fight recklessly!
You are too injured to fight recklessly!
You hit the worm but do no damage.
The worm is heavily wounded.
You hit the worm. You kick the worm, but do no damage.
The worm is heavily wounded.
The worm bites you.
* * * LOW HITPOINT WARNING * * *
A demonic guardian appears!
You hit the worm. You kick the worm.
The worm is severely wounded.
The worm bites you.
You die...

#.......#######
#....w#........
#.....####.##.#
###.### # #.##
#..# ##.# #w#
#@# #.# #5# #.#
#.# #.# #.# #.#


You could see a worm (ally target) and a friendly white imp (summoned).

Vanquished Creatures
  An adder (D:3)
  A worm (D:2)
  2 dart slugs (D:1)
  4 ball pythons
  An endoplasm (D:1)
  4 giant cockroaches
  6 goblins
  2 hobgoblins (D:1)
  6 kobolds (D:1)
  4 quokkas
  A bat (D:1)
  3 frilled lizards
  2 rats (D:1)
37 creatures vanquished.

Vanquished Creatures (others)
  A fungus (D:1)
  3 plants (D:1)
4 creatures vanquished.

Grand Total: 41 creatures vanquished

Notes
Turn   | Place    | Note
-------+----------+-------------------------------------------
     0 | D:1      | siradein the Demonspawn Necromancer began the quest for the
                  | Orb.
     0 | D:1      | Reached XP level 1. HP: 13/13 MP: 3/3
   227 | D:1      | Gained mutation: You have large cloven feet. [demonic
                  | ancestry]
   227 | D:1      | Reached XP level 2. HP: 19/19 MP: 1/5
   683 | D:1      | Reached skill level 5 in Necromancy
   683 | D:1      | Gained mutation: A weak demonic guardian rushes to your
                  | aid. [demonic ancestry]
   683 | D:1      | Reached XP level 3. HP: 24/24 MP: 5/7
   687 | D:1      | Learned a level 3 spell: Vampiric Draining
   711 | D:1      | Found a faded altar of an unknown god.
   985 | D:1      | You fall into a shaft and drop 1 floor!
  2009 | D:3      | Slain by a worm

Illustrated notes

Levels and vault maps discovered:
D:1:      lightli_arrival_chessboard, layout_basic,
          shapermc_ecumenical_altar_mp_ritualfount, minmay_tromino_v4_b
D:2:      layout_basic
D:3:      corexii_shack_village, layout_loops_cross,
          mainiacjoe_overflow_surrounded_room, serial_shops, shop,
          grunt_decor_junction, small_statue_intersection,
          nicolae_underground_beach

Skill      XL: |  1  2  3 |
---------------+----------+-----
Necromancy     | 5 |  5.2
Spellcasting   | 3 |  3.0
Dodging        | |  1.7
Stealth        | |  1.7

Action                   || total
-------------------------++-------
Melee: Dagger            ||     3
       Kick              ||     2
 Cast: Necrotize         ||    64
  Use: Scroll            ||     6
Armor: Robe              ||     1
Dodge: Dodged            ||     4

Table legend: (Time is in decaauts)
 A = Elapsed time spent in this place.
 B = Non-inter-level travel time spent in this place.
 C = Inter-level travel time spent in this place.
 D = Time resting spent in this place.
 E = Time spent auto-exploring this place.
 F = Levels seen in this place.
 G = Mean time per level.
                   A        B        C        D        E       F      G
               +--------+--------+--------+--------+--------+-----+--------+
         Total |   2009 |   1982 |     27 |     54 |   1630 |   3 |  669.7 |
       Dungeon |   2009 |   1982 |     27 |     54 |   1630 |   3 |  669.7 |
               +--------+--------+--------+--------+--------+-----+--------+

Top non-repeatable levels by time:
     D:1: 1122 daAuts
     D:2: 843 daAuts
     D:3: 43 daAuts
